 Dungeon Crawl Stone Soup version 0.24-a0-513-g284f782 (webtiles) character file.

Game seed: 4597183849936051770

12 Espgualade the Chiller (level 2, 0/15 HPs)
             Began as a Tengu Ice Elementalist on July 20, 2019.
             Slain by a jackal (1 damage)
             ... on level 1 of the Dungeon.
             The game lasted 00:01:00 (323 turns).

Espgualade the Chiller (Tengu Ice Elementalist)      Turns: 323, Time: 00:01:00

Health: 0/15       AC:  2    Str:  8    XL:     2   Next: 33%
Magic:  0/6        EV: 12    Int: 15    God:
Gold:   21         SH:  0    Dex: 14    Spells: 4/5 levels left

rFire    . . .     SeeInvis .   (no weapon)
rCold    . . .     Gourm    .   (no shield)
rNeg     . . .     Faith    .   a - +0 robe
rPois    .         Spirit   .   (helmet restricted)
rElec    .         Reflect  .   (no cloak)
rCorr    .         Harm     .   (no gloves)
MR       .....                  (boots unavailable)
Stlth    ++........             (no amulet)
HPRegen  0.05/turn              (no ring)
MPRegen  0.10/turn              (no ring)

@: very slightly contaminated, hasted, very quick
A: beak, talons 3
a: no special abilities


You were on level 1 of the Dungeon.
You were not hungry.

You visited 1 branch of the dungeon, and saw 1 of its levels.

You collected 21 gold pieces.

Inventory:

Armour
 a - a +0 robe (worn)
Potions
 b - a potion of mutation
Comestibles
 c - a ration


   Skills:
 - Level 2.1 Dodging
 - Level 2.0 Stealth
 - Level 2.0 Spellcasting
   Level 1.3 Conjurations
 + Level 3.3 Ice Magic


You had 4 spell levels left.
You knew the following spells:

 Your Spells              Type           Power        Failure   Level  Hunger
a - Freeze                Ice            ##..         5%          1    #......

Your spell library contained the following spells:

 Spells                   Type           Power        Failure   Level  Hunger
 Throw Frost              Conj/Ice       #.....       13%         2    ###....
 Ozocubu's Armour         Chrm/Ice       #.......     32%         3    ###....
 Throw Icicle             Conj/Ice       #.......     63%         4    #####..
 Summon Ice Beast         Ice/Summ       #.......     73%         4    #####..


Dungeon Overview and Level Annotations

Branches:
Dungeon (1/15)

Altars:


Innate Abilities, Weirdness & Mutations

You have a beak for a mouth.
You have claws for feet.


Message History

The jackal is lightly wounded.
The jackal barely misses you. The jackal closely misses you.
You miss the jackal. Your kick misses the jackal.
The jackal is lightly wounded.
The jackal closely misses you.
You completely miss the jackal. Your peck misses the jackal.
The jackal is lightly wounded.
The jackal closely misses you.
You closely miss the jackal. Your kick misses the jackal.
You peck the jackal, but do no damage.
The jackal is lightly wounded.
The jackal bites you but does no damage.
The jackal bites you.
* * * LOW HITPOINT WARNING * * *
You hit the jackal but do no damage. You peck the jackal, but do no damage.
The jackal is lightly wounded.
The jackal bites you.
* * * LOW HITPOINT WARNING * * *
It was a potion of haste.
You feel yourself speed up. The jackal bites you.
You die...

..#### #.####.## #..........# ..#
#.# #.## ##.........# ..#
#.####.## ##.#######..####
########.##....###.##...........#
......##.##.###.#..##..####..##.#
.####.##.##. ##...##.[# #..##.#
.# #.##.## #...##..####..##.# .##
#†#..# #.............##.#
....#.#.###.# #@####.#####.###.#
.##.#..†....# #h# #.# #..# #.# .#
###.########h# #.# #..###.# .#
#.#####...r# #.# #....#.# ..
...........# #.####.##.#.# ..[
..##.#####.# #...........# ..#.
#..# #†#########.####.# #...
#....# #.# #.# #.## #.##.######.#
#.#


You could see 2 jackals and a rat.

Vanquished Creatures
  An ooze (D:1)
  A goblin (D:1)
  A hobgoblin (D:1)
  2 jackals (D:1)
  2 bats (D:1)
7 creatures vanquished.

Notes
Turn   | Place    | Note
-------+----------+-------------------------------------------
     0 | D:1      | Espgualade the Tengu Ice Elementalist began the quest for
                  | the Orb.
     0 | D:1      | Reached XP level 1. HP: 10/10 MP: 4/4
   116 | D:1      | Reached skill level 3 in Ice Magic
   154 | D:1      | Reached XP level 2. HP: 13/15 MP: 6/6
   323 | D:1      | Slain by a jackal

Levels and vault maps discovered:
D:1:      lemuel_arrival_river_bridge, layout_loops_ring

Skill      XL: |  1 |
---------------+----+-----
Ice Magic      | 3 |  3.3
Dodging        | |  2.1
Stealth        | |  2.0
Spellcasting   | |  2.0
Conjurations   | |  1.3

Action                   || total
-------------------------++-------
Melee: Unarmed           ||    12
       Kick              ||     3
       Peck              ||     3
 Cast: Freeze            ||     8
  Use: Scroll            ||     1
       Potion            ||     1
 Stab: Sleeping          ||     1
Armor: Robe              ||     4
Dodge: Dodged            ||    20

Table legend:
 A = Non-vault XP
 B = Vault XP
 C = Vault XP percentage of total XP
 D = Non-vault monster count
 E = Vault monster count
 F = Vault count percentage of total count
                 A         B        C        D         E       F
            +---------+---------+-------+---------+---------+-------
      Total |      18 |       0 |   0.0 |       7 |       0 |   0.0
            +---------+---------+-------+---------+---------+-------
        D:1 |      18 |       0 |   0.0 |       7 |       0 |   0.0
            +---------+---------+-------+---------+---------+-------
